Map: Persephone LE

Players

ManlyManMeat

  • Race: Zerg Zerg
  • League: Diamond
  • Spawn Location: 7:00

VOD

Have the link to the VOD?

Description

Time

  • Played on: July 12, 2025, 6:02 p.m.
  • Length: 16:17
Show
View Real Time Build Order
Export as new Build Order

ManlyManMeat Zerg 

Build Orders:  

Get SALT Encoding   

  12  0:00  Drone  
  13  0:11  Drone  
  13  0:18  Extractor  
  13  0:21  Drone  
  15  0:30  Overlord  
  15  0:59  Drone  
  16  1:06  Hatchery  
  16  1:09  Drone  
  16  1:15  Drone  
  17  1:21  Drone  
  18  1:34  Extractor  
  17  1:43  Spawning Pool  
  17  1:47  Drone  
  17  1:52  Drone  
  18  2:01  Drone  
  19  2:16  Drone  
  20  2:49  Queen x2  
  24  2:50  Zergling x4  
  24  2:53  Overlord  
  26  3:04  Drone  
  26  3:09  Drone  
  28  3:33  Hatchery  
  28  3:38  Drone  
  28  3:40  Drone  
  28  3:49  Drone  
  30  3:50  Drone x2  
  30  3:51  Metabolic Boost  
  32  4:04  Queen  
  34  4:11  Overlord  
  34  4:22  Drone x2  
  35  4:45  Drone x3  
  35  4:46  Drone  
  35  4:47  Overlord  
  35  4:48  Overlord  
  39  5:05  Queen  
  41  5:15  Drone  
  41  5:16  Drone  
  41  5:18  Drone  
  41  5:19  Drone x2  
  46  5:26  Extractor  
  45  5:31  Drone x2  
  45  5:32  Drone  
  48  5:44  Zergling x10  
  53  5:51  Baneling Nest  
  53  5:58  Zergling x6  
  53  6:03  Zergling x4  
  52  6:28  Zergling x8  
  51  6:37  Drone x3  
  53  6:59  Lair  
  53  7:03  Drone  
  53  7:04  Drone  
  53  7:07  Drone x4  
  59  7:15  Queen x2  
  59  7:17  Overlord  
  59  7:18  Overlord  
  63  7:33  Drone  
  63  7:34  Drone x2  
  66  7:53  Drone x2  
  66  7:54  Drone x4  
  66  7:55  Drone x2  
  74  8:01  Hatchery  
  74  8:05  Baneling x4, Queen x2, Spire  
  76  8:12  Hatchery  
  75  8:31  Zergling x12  
  75  8:33  Overlord x4  
  81  8:41  Overseer  
  81  8:47  Zergling x2  
  82  8:50  Baneling  
  82  8:51  Baneling x3  
  82  8:58  Extractor x2  
  80  9:02  Extractor  
  80  9:03  Drone x3, Extractor  
  80  9:04  Drone x3  
  80  9:06  Drone x3  
  80  9:08  Drone x2  
  89  9:18  Evolution Chamber  
  88  9:26  Zergling x4  
  88  9:27  Zergling x10  
  95  9:52  Mutalisk x4  
  103  10:01  Zergling x12  
  103  10:02  Zergling x6  
  103  10:06  Zerg Melee Weapons Level 1  
  112  10:16  Drone x4  
  112  10:17  Overlord x3  
  112  10:18  Overlord  
  116  10:20  Overseer  
  116  10:26  Mutalisk  
  116  10:27  Mutalisk x2  
  122  10:33  Zergling x2  
  122  10:34  Zergling x6  
  122  10:36  Overlord x3  
  122  10:37  Centrifugal Hooks  
  122  10:38  Baneling x5  
  126  10:54  Drone  
  126  10:59  Drone x4  
  131  11:00  Drone  
  131  11:03  Mutalisk  
  131  11:04  Extractor x2  
  131  11:08  Zerg Flyer Weapons Level 1  
  132  11:33  Zergling x18  
  132  11:35  Mutalisk x3  
  147  11:52  Mutalisk x2  
  151  12:19  Zergling x12  
  75  12:20  Zergling x4  
  148  12:47  Zergling x6  
  148  12:48  Zergling x12  
  149  12:50  Mutalisk x7  
  155  13:24  Mutalisk  
  155  13:25  Mutalisk x4  
  155  13:28  Zergling x12  
  171  14:02  Baneling  
  171  14:03  Baneling x15  
  171  14:09  Zergling x2  
  172  14:10  Zergling x2  
  172  14:11  Overlord x8  
  171  14:59  Mutalisk  
  156  15:00  Mutalisk x7  
  156  15:04  Zergling x32  
  156  15:05  Zergling x10  
Tags
 
League
Diamond
Matchup
Co-op
Replay Pack
Myownreplay2
Add a new tag
Caveats
  • Supply blocks, unpowered buildings, or Contaminate may cause inaccurate times.
  • Supply counts are checked every 10 seconds.